[Event "*** Titled Tuesday 3|2 Blitz"]
[Site "Chess.com"]
[Date "2016.02.02"]
[Round "8"]
[White "Dr-Bassem"]
[Black "ChadaevNikolay"]
[Result "0-1"]
[WhiteElo "2468"]
[BlackElo "2529"]
[TimeControl "180+2"]
[EndTime "12:49:58 PST"]
[Termination "ChadaevNikolay won by resignation"]

1. e4 c5 2. Nf3 Nc6 3. d3 g6 4. g3 Bg7 5. Bg2 e6 6. O-O Nge7 7. c3 e5 8. Be3 d6 9. Nbd2 O-O 10. Nh4 Be6 11.
f4 exf4 12. gxf4 f5 13. Ndf3 h6 14. exf5 Nxf5 15. Nxf5 Bxf5 16. d4 Qe7 17. Re1 Be4 18. Bf2 d5 19. dxc5 Rae8 20. Nh4 Qe6 21. Bxe4 dxe4 22. Qb3 Rxf4 23. Bg3 Rg4 24. Ng2 Ne5 25. Bxe5 Bxe5 26. Re3 Kg7 27. Qxe6 Rxe6 28. Rae1 Bf6 29. h3 Rg5 30. Rxe4 Rxe4 31. Rxe4 Rxc5 32. Nf4 Kf7 33. Kf2 Rf5 34. Ke2 h5 35. a4 Be5 36. Nd3 Bf6 37.
c4 a5 38. c5 Be7 39. b4 axb4 40. Rxb4 Bxc5 41. Rxb7+ Kf6 42. a5 Bg1 43. a6 Ra5 44. Nb4 Kg5 45. Kf1 Ra1+ 46. Kg2 Be3 47. Rb5+ Kh4 48. Re5 Bd2 49. Re4+ Kg5 50. h4+ Kh6 51. Rd4 Bc3 52. Rc4 Bxb4 53. Rxb4 Rxa6 54. Kg3 Kg7 55. Rf4 Ra3+ 56. Kg2 Ra5 57. Kg3 Re5 58. Kh3 Rf5 59. Ra4 Kf6 60. Ra6+ Kg7 61. Ra7+ Rf7 62. Ra6 Rd7 63.
Kg3 Kf7 64. Rb6 Rd3+ 65. Kg2 Re3 66. Ra6 Re6 67. Ra5 Kf6 68. Kg3 Re5 69. Ra4 Re3+ 70. Kf4 Rh3 71. Ra6+ Kg7 72. Ra7+ Kh6 73. Ra8 Rxh4+ 74.
Ke5 Rh1 75. Kf4 Rf1+ 76. Kg3 Rf5 77. Kh4 Rf4+ 78. Kg3 Kg5 79. Ra5+ Rf5 80. Ra4 Rc5 81. Ra3 h4+ 82. Kh3 Kh5 83. Ra4 g5 84. Kh2 g4 85.
Ra3 Kg5 86. Ra4 Rc2+ 87. Kh1 h3 88. Ra3 Kh4 89. Rb3 Rc1+ 90. Kh2 g3+ 91. Rxg3 Rc2+ 0-1

[Event "*** Titled Tuesday 3|2 Blitz"]
[Site "Chess.com"]
[Date "2016.02.02"]
[Round "8"]
[White "E-Shaposhnikov"]
[Black "AnthonyWirig"]
[Result "1/2-1/2"]
[WhiteElo "2500"]
[BlackElo "2498"]
[TimeControl "180+2"]
[EndTime "12:50:18 PST"]
[Termination "Game drawn by repetition"]

1. e4 d5 2. exd5 Qxd5 3. Nc3 Qd6 4. d4 g6 5. Nb5 Qb6 6. Bf4 Na6 7. c4 c6 8. c5 Qa5+ 9. Nc3 Bg7 10. Bc4 Qb4 11. Bb3 Qxd4 12. Qf3 Nxc5 13. Bxf7+ Kf8 14. Be3 Nd3+ 15.
Ke2 Ne5 16. Bxd4 Nxf3 17. Nxf3 Bxd4 18. Nxd4 Kxf7 19. Ne4 h6 20. Nf3 Bg4 21. h3 Bxf3+ 22. Kxf3 Nf6 23. Nc5 b6 24. Nd3 Nd7 25. Rhd1 Rhf8 26.
Ke3 e5 27. Nb4 Ke6 28. Nxc6 Rfc8 29. Rac1 Nf6 30. Nb4 Rxc1 31. Rxc1 Rd8 32. Rc6+ Rd6 33. Rxd6+ Kxd6 34. Nc2 Kd5 35. Kd3 e4+ 36. Kc3 Ke5 37.
Kc4 Nd5 38. g3 a6 39. a4 h5 40. Ne3 Nc7 41. b4 Ne6 42. a5 b5+ 43. Kc3 Ng5 44. h4 Nh3 45. Nd1 e3 46. Nxe3 Nxf2 47. Ng2 Ne4+ 48.
Kd3 Nxg3 49. Ne3 Nf5 50. Ng2 Ne7 51. Kc3 Nd5+ 52. Kb3 Ke4 53. Ne1 Ne3 54. Kc3 Nd5+ 55. Kb3 Ke3 56. Nc2+ Kd3 57. Ne1+ Ke4 58. Nc2 Nf4 59. Na3 Ne6 60. Nb1 Nd4+ 61. Kc3 Nf5 62. Nd2+ Kd5 63. Nf3 Nd6 64. Kd3 Ne4 65. Ke3 Nc3 66. Kf4 Na2 67. Kg5 Nxb4 68. Kxg6 Nc6 69. Kxh5 b4 70. Kg5 b3 71. h5 b2 72. Nd2 Ne5 73. Kf5 Nf3 74. Nb1 Nd4+ 75. Kf6 Ne6 76. h6 Nf8 77. Kg7 Ne6+ 78. Kf6 Nf8 79. Kf7 Nh7 80. Kg7 Ng5 81. Kg6 Ne6 82. Kf6 Nf8 83. Nc3+ Kc4 84. Nb1 Kd3 85. Kf7 Nh7 86. Kg6 Nf8+ 87.
Kg7 Ne6+ 88. Kf6 Nf8 89. Kf7 Nh7 90. Kg6 Nf8+ 91. Kg7 Ne6+ 92. Kf6 Nf8 93. Kg7 Ne6+ 94.
Kf6 Nf8 95. Kg7 Ne6+ 96. Kf6 Nf8 1/2-1/2

[Event "*** Titled Tuesday 3|2 Blitz"]
[Site "Chess.com"]
[Date "2016.02.02"]
[Round "8"]
[White "MITerryble"]
[Black "igorkovalenko"]
[Result "1/2-1/2"]
[WhiteElo "2627"]
[BlackElo "2563"]
[TimeControl "180+2"]
[EndTime "12:51:21 PST"]
[Termination "Game drawn - insufficient material"]

1. d4 Nf6 2. Nf3 b6 3. g3 Bb7 4. Bg2 e6 5. c4 Bb4+ 6. Bd2 a5 7. O-O O-O 8. Bg5 Be7 9. Nc3 d6 10. Qc2 Nbd7 11. e4 e5 12. Rad1 h6 13. Bc1 Re8 14.
Rfe1 c6 15. dxe5 dxe5 16. Nxe5 Qc7 17. Nxd7 Nxd7 18. f4 Rad8 19. e5 Nf8 20. Be3 Bb4 21. a3 Bxc3 22. Qxc3 c5 23. Bd5 Ne6 24. Rd2 h5 25. Red1 g6 26. Qc2 Ng7 27. Qe4 Bc8 28. Bf2 Bg4 29. Re1 Bf5 30. Qf3 Bg4 31. Qc3 Kh7 32.
b4 axb4 33. axb4 Ne6 34. b5 Ng7 35. Ra1 Be6 36. Rad1 Rd7 37. Bc6 Rxd2 38. Rxd2 Rd8 39. Rxd8 Qxd8 40. Bd5 Qd7 41. Qf3 Qa7 42. Bxe6 Nxe6 43. f5 Ng7 44. fxg6+ fxg6 45. Kg2 Qa2 46. Qe4 Ne6 47. Qb7+ Kh6 48. Qe4 Qd2 49. Qe3+ Qxe3 50. Bxe3+ Kg7 51. Kf3 Kf7 52. Ke4 Nc7 53. Bg5 Ne6 54.
Bf6 Ke8 55. h3 Kd7 56. Kf3 Kc7 57. g4 hxg4+ 58. Kxg4 Kd7 59. Kf3 Kc7 60. Ke4 Kd7 61. h4 Kc7 62. Bg5 Kd7 63. Be3 Kc7 64. Kd5 Kd7 65.
Bg5 Nc7+ 66. Ke4 Ne6 67. Bh6 Kc7 68. Bd2 Kd7 69. Be1 Kc7 70. Bf2 Kd7 71. Kf3 Kc7 72.
Kg4 Kd7 73. Be3 Kc7 74. h5 gxh5+ 75. Kxh5 Kd7 76. Kg6 Ke7 77. Bg5+ Kd7 78. Kf6 Nd4 79. Kf7 Ne6 80. Bh4 Nc7 81. Bf6 Ne6 82. Bh4 Nc7 83. Kf6 Ne6 84. Bf2 Nd8 85. Be3 Ne6 86. Bg1 Nd8 87. Bxc5 bxc5 88. b6 Nc6 89. e6+ Ke8 90.
b7 Nb8 91. e7 Nc6 92. Ke6 Nb8 93. Kd6 Na6 94. Kc6 Kxe7 95. Kb6 Nb8 96. Kxc5 Kd7 97. Kb6 Kd6 98. Ka7 Kc7 99. Ka8 Nc6 100. c5 Nb8 101.
Ka7 Nc6+ 102. Ka8 Nb8 103. c6 Nxc6 104. b8=Q+ Nxb8 1/2-1/2

[Event "*** Titled Tuesday 3|2 Blitz"]
[Site "Chess.com"]
[Date "2016.02.02"]
[Round "9"]
[White "attack2mateU"]
[Black "Colombiano07"]
[Result "1-0"]
[WhiteElo "2430"]
[BlackElo "2168"]
[TimeControl "180+2"]
[EndTime "12:55:01 PST"]
[Termination "attack2mateU won by resignation"]

1. e4 e6 2. d4 d5 3. Nd2 dxe4 4. Nxe4 Bd7 5. Nf3 Bc6 6. Bd3 Nd7 7. O-O Ngf6 8. Ng3 Bxf3 9. Qxf3 c6 10. c3 Bd6 11.
Re1 O-O 12. Bg5 h6 13. Bd2 Rc8 14. Rad1 b5 15. Bc1 a5 16. Bb1 Qc7 17. Ne4 Bxh2+ 18. Kh1 Bd6 19. Nxf6+ Nxf6 20. Bxh6 gxh6 21. Qxf6 Bf4 22.
Re4 Bg5 23. Rg4 Qd8 24. Qxh6 1-0

[Event "*** Titled Tuesday 3|2 Blitz"]
[Site "Chess.com"]
[Date "2016.02.02"]
[Round "9"]
[White "jcibarra"]
[Black "kleinebeer98"]
[Result "0-1"]
[WhiteElo "2515"]
[BlackElo "2467"]
[TimeControl "180+2"]
[EndTime "12:55:42 PST"]
[Termination "kleinebeer98 won by resignation"]

1. e4 c5 2. Nf3 d6 3. d4 cxd4 4. Nxd4 Nf6 5. Nc3 a6 6. Be3 Nbd7 7. g4 h6 8. h4 Ne5 9. f3 d5 10. Rg1 dxe4 11. g5 hxg5 12. hxg5 Nd5 13. Nxd5 Qxd5 14.
f4 Nc4 15. Bxc4 Qxc4 16. Qd2 Bd7 17. b3 Qc7 18. O-O-O O-O-O 19. g6 f6 20. f5 Bxf5 21. Bf4 e5 22. Nxf5 Rxd2 23. Bxd2 Qd7 24. Ba5 Ba3+ 25.
Kb1 Qxf5 26. Rg3 b6 27. Bxb6 Kb7 28. Ba5 Rh3 29. Rg2 Qf3 30. Rgd2 Rh1 31. Rd7+ Kc6 0-1

[Event "*** Titled Tuesday 3|2 Blitz"]
[Site "Chess.com"]
[Date "2016.02.02"]
[Round "9"]
[White "GianmarcoVaR"]
[Black "LADIESGET2KNOWME"]
[Result "0-1"]
[WhiteElo "2239"]
[BlackElo "2313"]
[TimeControl "180+2"]
[EndTime "12:56:07 PST"]
[Termination "LADIESGET2KNOWME won by resignation"]

1. d4 Nf6 2. Bg5 Ne4 3. Bf4 c5 4. d5 e6 5. f3 Qa5+ 6. c3 Nf6 7.
e4 exd5 8. exd5 d6 9. Na3 Be7 10. Nc4 Qc7 11. a4 O-O 12. Ne2 Re8 13. Ng3 Bf8+ 14.
Be2 Nbd7 15. O-O Rb8 16. a5 b5 17. axb6 axb6 18. Na3 Ne5 19. Bb5 Bd7 20. Re1 c4 21. Bxe5 dxe5 22. Ne4 Nxe4 0-1

[Event "*** Titled Tuesday 3|2 Blitz"]
[Site "Chess.com"]
[Date "2016.02.02"]
[Round "9"]
[White "spectralsoul"]
[Black "Matibar"]
[Result "1/2-1/2"]
[WhiteElo "2571"]
[BlackElo "2559"]
[TimeControl "180+2"]
[EndTime "12:56:11 PST"]
[Termination "Game drawn by agreement"]

1. Nf3 f5 2. c4 g6 3. b4 Bg7 4.
d4 Nf6 5. Bb2 c6 6. e3 Ne4 7.
Bd3 d5 8. O-O Be6 9. Qc2 Nd7 10.
Nbd2 O-O 11. Rac1 Rc8 12. Qb3 Kh8 13. cxd5 Bxd5 14. Bc4 Nb6 15. Bxd5 Nxd2 16. Nxd2 Qxd5 17. Qa3 a6 18. Rc5 Qf7 19. Nf3 Nd5 20. Qb3 e6 21. a4 Qd7 22. Rfc1 Bf6 1/2-1/2

[Event "*** Titled Tuesday 3|2 Blitz"]
[Site "Chess.com"]
[Date "2016.02.02"]
[Round "9"]
[White "the_drake"]
[Black "Hafez_Bakr"]
[Result "1-0"]
[WhiteElo "2009"]
[BlackElo "1750"]
[TimeControl "180+2"]
[EndTime "12:56:17 PST"]
[Termination "the_drake won by resignation"]

1. e4 c5 2. Nf3 d6 3. d4 cxd4 4. Nxd4 Nf6 5. Nc3 a6 6. Be3 e5 7.
Nf3 Be7 8. Ke2 h6 9. Ke1 Be6 10.
Bd3 Nc6 11. Ke2 Nb4 12. Re1 Nxd3 13. cxd3 Rc8 14. Kf1 b5 15. d4 Bc4+ 16. Kg1 b4 17.
dxe5 dxe5 18. Nd5 Nxd5 19. exd5 Bf6 20. Qa4+ Bb5 21. Qxb4 Qxd5 22. Rad1 Qe6 23. Bc5 Rc6 24.
a4 Bc4 25. Qb8+ Rc8 26. Qb4 Bd5 27. Nxe5 Bxe5 28. Rxe5 Qxe5 29. Re1 Be4 30. Rxe4 1-0

[Event "*** Titled Tuesday 3|2 Blitz"]
[Site "Chess.com"]
[Date "2016.02.02"]
[Round "9"]
[White "AndrewMcStone"]
[Black "RamonManon0g"]
[Result "0-1"]
[WhiteElo "1997"]
[BlackElo "2114"]
[TimeControl "180+2"]
[EndTime "12:57:45 PST"]
[Termination "RamonManon0g won by resignation"]

1. d4 e5 2. dxe5 Nc6 3. Nf3 Qe7 4. Qd5 f6 5. exf6 Nxf6 6. Qb3 d5 7. e3 Qb4+ 8. Bd2 Qxb3 9. axb3 Bf5 10. Bd3 Ne4 11. O-O Bd6 12. Rd1 O-O 13. Be1 Bg4 14. Be2 Ne5 15.
Rxd5 Nxf3+ 16. gxf3 Bxf3 17. Bxf3 Rxf3 18. Nd2 Nxd2 19.
Rxd2 a6 20. Kg2 Raf8 21. Ra4 R3f6 22. f4 Rg6+ 23. Kf3 Rg1 24. Bg3 g5 25. Re4 h5 26.
Rf2 h4 27. Re6 hxg3 28. Rg6+ Kh7 29. Rxg5 gxf2 0-1

[Event "*** Titled Tuesday 3|2 Blitz"]
[Site "Chess.com"]
[Date "2016.02.02"]
[Round "9"]
[White "DanielRensch"]
[Black "MateusViageiro"]
[Result "0-1"]
[WhiteElo "2315"]
[BlackElo "2184"]
[TimeControl "180+2"]
[EndTime "12:58:11 PST"]
[Termination "MateusViageiro won by resignation"]

1. e4 c5 2. Nf3 d6 3. d4 cxd4 4. Nxd4 Nf6 5. Nc3 a6 6. Be3 Ng4 7. Bg5 h6 8. Bh4 g5 9. Bg3 Bg7 10. Qd2 Nc6 11. Nf5 Bxf5 12. exf5 Qa5 13. h3 Nge5 14. Nd5 Qxd2+ 15. Kxd2 Rc8 16. f6 Bxf6 17. Nxf6+ exf6 18. c3 Na5 19. Kc2 Ke7 20. f4 Ng6 21.
Re1+ Kd7 22. Bd3 Rce8 23. Rhf1 Rxe1 24. Rxe1 gxf4 25. Bf2 Nc6 26. Bb6 Nce5 27. Bf5+ Kc6 28. Bd4 b5 29. a4 Nh4 30. axb5+ axb5 31. Be4+ d5 32. Bd3 Nxg2 33. Rf1 f3 34. Bxe5 fxe5 35. Rxf3 Ne1+ 0-1

[Event "*** Titled Tuesday 3|2 Blitz"]
[Site "Chess.com"]
[Date "2016.02.02"]
[Round "9"]
[White "tac49"]
[Black "Mornar1951"]
[Result "0-1"]
[WhiteElo "2466"]
[BlackElo "2600"]
[TimeControl "180+2"]
[EndTime "12:58:21 PST"]
[Termination "Mornar1951 won by resignation"]

1. e4 c5 2. Nf3 e6 3. g3 Nc6 4.
Bg2 Nf6 5. Nc3 d6 6. O-O Be7 7. d4 cxd4 8. Nxd4 Bd7 9. Nb3 a6 10. g4 h6 11. f4 Rc8 12. g5 Qb6+ 13. Kh1 hxg5 14. fxg5 Nh5 15. Qe1 Ne5 16. Be3 Qd8 17. Rd1 Bxg5 18. Rxd6 Bh4 19. Bf2 Nf4 20. Bxh4 Qxh4 21.
Qxh4 Rxh4 22. Rd2 Ke7 23. Nd4 Rch8 24. Kg1 g5 25. Nf3 Nxf3+ 26. Bxf3 Bc6 27. e5 Nh3+ 28. Kh1 Rf4 29. Bxc6 0-1

[Event "*** Titled Tuesday 3|2 Blitz"]
[Site "Chess.com"]
[Date "2016.02.02"]
[Round "9"]
[White "Saitama_Hero"]
[Black "Jahonas"]
[Result "1-0"]
[WhiteElo "2116"]
[BlackElo "2184"]
[TimeControl "180+2"]
[EndTime "12:58:43 PST"]
[Termination "Saitama_Hero won on time"]

1. d4 Nf6 2. c4 c6 3. Nf3 g6 4.
Nc3 d5 5. Bg5 Bg7 6. h4 h6 7.
Bxf6 Bxf6 8. h5 g5 9. e3 Be6 10. cxd5 cxd5 11. Qb3 Qb6 12. Nxd5 Bxd5 13. Qxd5 Nc6 14.
Bc4 O-O 15. O-O Qxb2 16. Rab1 Qa3 17. Qf5 Kg7 18. Rxb7 Na5 19. Bd3 Rh8 20. Rb5 Nc6 21. Ne5 Nb4 22. Bc4 Rad8 23. Nxf7 1-0

[Event "*** Titled Tuesday 3|2 Blitz"]
[Site "Chess.com"]
[Date "2016.02.02"]
[Round "9"]
[White "igorkovalenko"]
[Black "BillieKimbah"]
[Result "0-1"]
[WhiteElo "2549"]
[BlackElo "2473"]
[TimeControl "180+2"]
[EndTime "12:58:45 PST"]
[Termination "BillieKimbah won on time"]

1. d4 d5 2. c4 c6 3. Nc3 Nf6 4. e3 Bf5 5. Nf3 e6 6. Bd3 Bg6 7. O-O Nbd7 8. Rb1 Bd6 9. c5 Bc7 10. b4 a6 11. Re1 O-O 12. a4 e5 13. Bxg6 hxg6 14. b5 axb5 15. axb5 e4 16. Nd2 Re8 17. Nf1 Nf8 18. Bd2 Qd7 19. Ra1 Ne6 20. Qb3 Ng5 21.
Rxa8 Rxa8 22. b6 Bb8 23. Rb1 Nf3+ 24. Kh1 Ng4 25. gxf3 exf3 26. Kg1 Nxh2 27. Nxh2 Bxh2+ 28. Kf1 Qg4 29. Ne2 Qg2+ 0-1

[Event "*** Titled Tuesday 3|2 Blitz"]
[Site "Chess.com"]
[Date "2016.02.02"]
[Round "9"]
[White "stepanosinovsky"]
[Black "alturas_pacificas"]
[Result "1-0"]
[WhiteElo "2281"]
[BlackElo "2036"]
[TimeControl "180+2"]
[EndTime "12:58:48 PST"]
[Termination "stepanosinovsky won by checkmate"]

1. e4 e5 2. Nf3 Nf6 3. Nc3 Nc6 4. Bb5 Bb4 5. O-O d6 6. d3 h6 7. Ne2 O-O 8. Bxc6 bxc6 9. Ng3 Bc5 10. Kh1 Ng4 11.
Qe2 Be6 12. h3 Nf6 13. Nh4 Qd7 14. f4 exf4 15. Bxf4 g5 16. Bxg5 hxg5 17. Rxf6 Bd4 18. Nh5 gxh4 19. Qd2 Bxf6 20. Nxf6+ Kg7 21. Qg5+ Kh8 22.
Qh6# 1-0

[Event "*** Titled Tuesday 3|2 Blitz"]
[Site "Chess.com"]
[Date "2016.02.02"]
[Round "9"]
[White "VMikhalevski"]
[Black "Er_is_geen_hoop_meer"]
[Result "1-0"]
[WhiteElo "2453"]
[BlackElo "2301"]
[TimeControl "180+2"]
[EndTime "12:58:56 PST"]
[Termination "VMikhalevski won by checkmate"]

1. Nf3 Nf6 2. g3 g6 3. b3 Bg7 4. Bb2 O-O 5. Bg2 a5 6. a3 a4 7. b4 d6 8. c4 e5 9. O-O e4 10.
Ng5 Qe7 11. Nc3 Bf5 12. Qc2 h6 13. Nh3 Nc6 14. Nf4 Nd4 15. Qd1 Nb3 16. Rb1 e3 17. d3 exf2+ 18. Rxf2 Ng4 19. Ncd5 Qd8 20. Rf3 Bxb2 21.
Rxb2 c6 22. e4 Nd4 23. exf5 cxd5 24. fxg6 Qf6 25. Rf1 Ne3 26. Nxd5 Qe5 27. Qd2 Nxf1 28. Qxh6 fxg6 29. Qxg6+ Kh8 30. Qh6+ Kg8 31. Qg6+ Kh8 32.
Be4 Qg7 33. Qh5+ Kg8 34. Nb6 Nf3+ 35. Bxf3 Qxb2 36. Bd5+ Kg7 37. Qg5+ Kh7 38. Be4+ Kh8 39. Qh6+ Kg8 40. Qh7# 1-0

[Event "*** Titled Tuesday 3|2 Blitz"]
[Site "Chess.com"]
[Date "2016.02.02"]
[Round "9"]
[White "arnacman"]
[Black "kpio91"]
[Result "0-1"]
[WhiteElo "2250"]
[BlackElo "2497"]
[TimeControl "180+2"]
[EndTime "12:58:59 PST"]
[Termination "kpio91 won by checkmate"]

1. e4 e5 2. Nc3 Nc6 3. g3 Bc5 4. Bg2 Nge7 5. Nge2 d6 6. Na4 Bg4 7. c3 Qd7 8. Nxc5 dxc5 9. h3 Be6 10. Qc2 O-O-O 11. a3 c4 12. f4 f6 13. f5 Bf7 14.
O-O Na5 15. Rb1 Nb3 16. Kh2 Nc6 17. Ng1 Nca5 18. Rf2 Nc5 19. d4 cxd3 20. Qd1 Ncb3 21. Be3 Nc4 22. Bxa7 Qa4 23. Rf3 Ncd2 24. Be3 Nxb1 25.
Qxb1 d2 26. Rf1 Na5 27. Bf3 Bb3 28. Bd1 Nc4 29. Bf2 Bxd1 30. Rxd1 Nxb2 31. Qxb2 Qxd1 32. Qb5 Qxg1+ 33. Bxg1 d1=Q 34. h4 Rd2+ 35. Kh3 h5 36.
Qc5 Qg4# 0-1

[Event "*** Titled Tuesday 3|2 Blitz"]
[Site "Chess.com"]
[Date "2016.02.02"]
[Round "9"]
[White "ZEN-22"]
[Black "E-Shaposhnikov"]
[Result "1-0"]
[WhiteElo "2364"]
[BlackElo "2482"]
[TimeControl "180+2"]
[EndTime "12:59:09 PST"]
[Termination "ZEN-22 won by resignation"]

1. d3 c5 2. g3 Nc6 3. Bg2 g6 4. Nf3 Bg7 5. e4 Nf6 6. O-O d5 7. c3 dxe4 8. dxe4 Qxd1 9. Rxd1 Nxe4 10. Re1 Nf6 11. Be3 Nd7 12. Ng5 O-O 13. Ne4 c4 14. Na3 Nde5 15. Nc5 Nd3 16. Nxd3 cxd3 17. Rad1 Bf5 18.
Bc5 Rac8 19. Bxe7 Rfe8 20. Bg5 Ne5 21. Nb5 Bg4 22. Nd6 Bxd1 23. Rxd1 Nc4 24. Nxe8 Nxb2 25.
Rb1 Rxe8 26. Rxb2 Re1+ 27. Bf1 Bxc3 28. Rxb7 d2 29. Bxd2 Bxd2 30. Rxa7 Rb1 31. Kg2 f5 32. Bc4+ Kh8 33. h4 Rb2 34. Kh3 Be1 35. f3 Rf2 36.
Bd5 Rd2 37. Rd7 Bf2 38. g4 f4 39. g5 Bg3 40. Rd8+ 1-0

[Event "*** Titled Tuesday 3|2 Blitz"]
[Site "Chess.com"]
[Date "2016.02.02"]
[Round "9"]
[White "SabinoBrunello"]
[Black "LuckyTiger"]
[Result "0-1"]
[WhiteElo "2522"]
[BlackElo "2549"]
[TimeControl "180+2"]
[EndTime "12:59:22 PST"]
[Termination "LuckyTiger won by resignation"]

1. d4 Nf6 2. c4 c5 3. d5 b5 4. Nf3 g6 5. Qc2 b4 6. e4 d6 7. h3 Bg7 8. Bd3 O-O 9. O-O a5 10.
Bf4 e5 11. dxe6 Bxe6 12. e5 dxe5 13. Nxe5 Nh5 14. Bh2 Bxe5 15. Bxe5 Nc6 16. Bh2 Nd4 17. Qd1 Qg5 18. f4 Qe7 19. Nd2 Rad8 20. Re1 Qh4 21. Nf3 Qf6 22. Nd2 Bf5 23. Ne4 Bxe4 24. Rxe4 Nf5 25. Qd2 Nd6 26. Qf2 Nxe4 27. Bxe4 Rd4 28. Bd5 Nxf4 29. Rf1 Nxd5 0-1

[Event "*** Titled Tuesday 3|2 Blitz"]
[Site "Chess.com"]
[Date "2016.02.02"]
[Round "9"]
[White "Journey_to_GrandMaster_YT"]
[Black "ethylalcohol"]
[Result "1-0"]
[WhiteElo "2242"]
[BlackElo "1734"]
[TimeControl "180+2"]
[EndTime "12:59:23 PST"]
[Termination "Journey_to_GrandMaster_YT won on time"]

1. d4 f5 2. e4 fxe4 3. Nc3 Nf6 4.
Bg5 c6 5. Bxf6 exf6 6. Nxe4 d5 7. Ng3 Bd6 8. Bd3 Qe7+ 9. N1e2 O-O 10. O-O Bg4 11. Re1 Re8 12. Qd2 Nd7 13. c4 Bb4 14. Nc3 Qf7 15. cxd5 cxd5 16. Qf4 Be6 17. h4 Nf8 18. h5 Rac8 19. Rac1 Bd7 20. h6 g6 21. Qf3 Rxe1+ 22. Rxe1 Bxc3 23. bxc3 Re8 24. Rxe8 Bxe8 25. Ne2 Bc6 26. Nf4 Ne6 27. Nxe6 Qxe6 28. Qf4 Qe7 29. Qb8+ Kf7 30. Qh8 Ke6 31. Qg8+ Qf7 32.
Qc8+ Qd7 33. Qxd7+ Bxd7 34. Bxg6 1-0

[Event "*** Titled Tuesday 3|2 Blitz"]
[Site "Chess.com"]
[Date "2016.02.02"]
[Round "9"]
[White "APL2001"]
[Black "AnthonyWirig"]
[Result "0-1"]
[WhiteElo "2173"]
[BlackElo "2501"]
[TimeControl "180+2"]
[EndTime "12:59:29 PST"]
[Termination "AnthonyWirig won by resignation"]

1. e4 d5 2. exd5 Qxd5 3. Nc3 Qd6 4. d4 g6 5. Nf3 Bg7 6. Be3 Nh6 7. Bd3 Nf5 8. Bxf5 Bxf5 9. O-O O-O 10. Re1 a6 11.
Ne2 Nc6 12. c3 Rfe8 13. Ng3 Bg4 14. h3 Bxf3 15. Qxf3 e5 16. d5 Ne7 17. c4 f5 18. Bd2 e4 19. Qb3 b5 20. cxb5 axb5 21. Qxb5 Qxd5 22. Qxd5+ Nxd5 23. Bc3 Nxc3 24. bxc3 Bxc3 25.
Rec1 Bxa1 26. Rxa1 Ra3 27. Rc1 Re7 28. Ne2 Rxa2 29.
Nf4 Rd2 30. h4 Kf7 31. g3 h6 32. Rc6 Rd6 33. Rc5 Kf6 34. Nd5+ Rxd5 35. Rxd5 Ke6 36. Ra5 c6 37. Ra8 Rc7 38. Rh8 h5 39. Kf1 c5 40. Ke2 Rd7 41. Re8+ Kd5 42. Rg8 Rd6 43. Ra8 Kc4 44. Ra1 Kb3 45. Ke3 c4 46. Rb1+ Kc2 47. Rb8 c3 48. Rc8 Kb2 49. Rb8+ Kc1 50. Rc8 c2 51. Ke2 Rb6 0-1

[Event "*** Titled Tuesday 3|2 Blitz"]
[Site "Chess.com"]
[Date "2016.02.02"]
[Round "9"]
[White "manubibi"]
[Black "kesarev"]
[Result "1-0"]
[WhiteElo "2383"]
[BlackElo "2164"]
[TimeControl "180+2"]
[EndTime "12:59:33 PST"]
[Termination "manubibi won by resignation"]

1. e4 e5 2. Nf3 Nc6 3. Bb5 Nd4 4. Bc4 Nxf3+ 5. Qxf3 Nf6 6. O-O d6 7. d3 Bg4 8. Qg3 h5 9. f4 h4 10. Qf2 h3 11. g3 Qd7 12. Nc3 c6 13. Be3 b5 14.
Bb3 a5 15. a3 Be7 16. d4 exd4 17. Bxd4 O-O 18. e5 Ne8 19. Ne4 c5 20. exd6 cxd4 21. dxe7 Qxe7 22. Rfe1 Rd8 23. f5 Qd7 24. f6 g6 25. Qf4 Qf5 26. Rf1 Qxf4 27. Rxf4 Bf5 28. Re1 Nd6 29. Ng5 Rd7 30. Rxd4 Rdd8 31. Re7 Nc4 32.
Rxd8 Nd6 33. Bc4 Nxc4 34. Rxf8+ Kxf8 35. Rxf7+ Kg8 36. Rg7+ Kf8 37. Nh7+ Ke8 38. f7+ 1-0

[Event "*** Titled Tuesday 3|2 Blitz"]
[Site "Chess.com"]
[Date "2016.02.02"]
[Round "9"]
[White "AlexanderL"]
[Black "GMVar"]
[Result "0-1"]
[WhiteElo "2582"]
[BlackElo "2715"]
[TimeControl "180+2"]
[EndTime "13:00:03 PST"]
[Termination "GMVar won by resignation"]

1. d4 Nf6 2. c4 e6 3. g3 d5 4. Bg2 Bb4+ 5. Nd2 O-O 6. Nf3 Nbd7 7. O-O b6 8. a3 Be7 9. cxd5 exd5 10. Nb1 c5 11.
Nc3 Bb7 12. Qc2 Rc8 13. Rd1 Ne4 14. Qb3 Nxc3 15. bxc3 Re8 16. a4 Bd6 17. Bg5 f6 18. Be3 c4 19. Qc2 Nf8 20. Bc1 Qe7 21. Re1 Ne6 22. Nd2 Ng5 23. e4 Qd7 24. Bb2 dxe4 25. Nxe4 Bxe4 26. Bxe4 Rxe4 27. Rxe4 f5 28. Re3 f4 29.
gxf4 Bxf4 30. Rae1 Rf8 31. Kf1 Bxe3 32. Rxe3 Qc6 33.
Rg3 Ne4 34. Rg2 Nxf2 35. Ba3 Ng4+ 36. Kg1 Rf1+ 37. Kxf1 Ne3+ 38. Kg1 Nxc2 39. Rxc2 Qxa4 40. Rg2 Qxa3 0-1

[Event "*** Titled Tuesday 3|2 Blitz"]
[Site "Chess.com"]
[Date "2016.02.02"]
[Round "9"]
[White "GeorgMeier"]
[Black "MITerryble"]
[Result "1-0"]
[WhiteElo "2701"]
[BlackElo "2618"]
[TimeControl "180+2"]
[EndTime "13:00:15 PST"]
[Termination "GeorgMeier won by resignation"]

1. Nf3 Nf6 2. g3 d5 3. Bg2 Bg4 4. c4 c6 5. O-O Bxf3 6. Bxf3 e6 7. Qc2 Nbd7 8. d4 Be7 9. b3 O-O 10. Bb2 Rc8 11. Nd2 Bb4 12. a3 Bxd2 13. Qxd2 Qe7 14.
Rfd1 Rfd8 15. Qe3 b5 16. cxb5 cxb5 17. a4 b4 18. Rac1 Qd6 19. Kg2 h6 20. Qd2 Qb8 21. Qd3 Qb7 22. e3 Ne4 23. Be2 Rxc1 24. Rxc1 Rc8 25.
Qb5 Rc7 26. Qxb7 Rxb7 27. a5 Ndf6 28. a6 Re7 29. Rc8+ Kh7 30. Bd3 g6 31. Rb8 Kg7 32. Rxb4 Nd6 33. Ba3 Rd7 34. Rb8 Nfe4 35. f3 Nc3 36. Bc5 Nd1 37. e4 dxe4 38. fxe4 f5 39. e5 Ne4 40. Rb7 Rf7 41. Rxa7 Rd7 42. Rxd7+ 1-0

[Event "*** Titled Tuesday 3|2 Blitz"]
[Site "Chess.com"]
[Date "2016.02.02"]
[Round "9"]
[White "Gabrielian_Artur"]
[Black "tigra"]
[Result "0-1"]
[WhiteElo "2468"]
[BlackElo "2420"]
[TimeControl "180+2"]
[EndTime "13:00:16 PST"]
[Termination "tigra won by resignation"]

1. e4 e5 2. Nf3 Nc6 3. Bc4 Bc5 4. d3 Nf6 5. Bg5 d6 6. O-O h6 7. Bh4 g5 8. Bg3 h5 9. h4 Bg4 10. c3 Nh7 11. b4 Bb6 12. Nbd2 Qf6 13. a4 a5 14. b5 Ne7 15. Qb3 O-O-O 16. d4 Ng6 17.
hxg5 Nxg5 18. Nxg5 Qxg5 19. Bxf7 h4 20. Bh2 h3 21. g3 exd4 22. Nc4 Ne5 23. Nxb6+ cxb6 24. cxd4 Nf3+ 25. Kh1 Kb8 26. Qe3 Qf6 27. Qf4 Qg7 28.
Bd5 Rhf8 29. Qe3 Nxd4 30. Ra2 Bf3+ 31. Kg1 Bg2 32. f4 Bxf1 33. Kxf1 Rc8 34. Rd2 Rc1+ 35. Kf2 Nc2 36. Qxb6 Rxf4+ 37. Ke2 Re1+ 38. Kd3 Nb4+ 0-1

[Event "*** Titled Tuesday 3|2 Blitz"]
[Site "Chess.com"]
[Date "2016.02.02"]
[Round "9"]
[White "kharposh"]
[Black "oskariot"]
[Result "0-1"]
[WhiteElo "2057"]
[BlackElo "2315"]
[TimeControl "180+2"]
[EndTime "13:00:20 PST"]
[Termination "oskariot won by resignation"]

1. e4 c5 2. Nf3 d6 3. d4 cxd4 4.
Nxd4 Nf6 5. Nc3 Nc6 6. Bc4 e6 7. Bb3 a6 8. f4 Be7 9. f5 e5 10. Nde2 Na5 11. Nd5 Nxb3 12. Nxf6+ Bxf6 13. axb3 d5 14. exd5 Bxf5 15. O-O Bg6 16. c4 O-O 17. c5 e4 18. d6 Be5 19. Qd5 Re8 20. Nc3 Rc8 21.
b4 Qd7 22. Bf4 Bxf4 23. Rxf4 e3 24. Re1 Re6 25. Ne4 Rce8 26. Rxe3 Re5 27. Qc4 Qc6 28. Ng5 Rxe3 29. Rxf7 Kh8 30. d7 Re1+ 31. Kf2 R8e2+ 32.
Qxe2 Rxe2+ 33. Kxe2 Qxg2+ 34. Rf2 Qg4+ 35. Kf1 Bd3+ 36. Ke1 Qg1+ 37. Kd2 Qxf2+ 38. Kxd3 Qf5+ 39. Kc4 Qxd7 40. Ne4 Qb5+ 41. Kc3 h5 42. Nd6 Qc6 43. Nf7+ Kh7 44. Ne5 Qd5 45. Nd3 g5 0-1